Unix NetHack Version 5.0.0-0 post-release - last build May 23 2026 06:08:33 (1c0ff79ee797540d5714e4e18072db0edd9e58ae,branch:main).

Game began 2026-05-20 19:06:35, ended 2026-05-25 10:32:11.

Japes, lawful female human Valkyrie

        -------------                            ---------            #
        |............                            |.......|           -|-----
        |...........|      --------              |........#          |.....|
       #-...........|     #.......|              |......o|#######    |....>|
       #|.........`.|     #|......|              ---.-----      ##   |.....|
       #-----.-------     #|.>.....##               #            ####-.....|
       #     ##           #-------- ##           ####                ----|--
       #      #           #          ###        ##                       #
       #      #         ###            ##       #                        #
       #      ##        #               ##      #                        #
       #       #       ##                #     ##                       ##
       #       ####  ###                 #-----|-------                 #
       #      ----.--#                   #|...........|                 #
       #      |.....|#                   #............|               --.---
  -----#      |......#                    |...........|               |....|
  |m@.|#      |.....|                     -------------               |....|
  |!@.-#      |.....|                                                 |...<|
  |d[.|       |.....|                                                 |....|
  -----       -------                                                 ------

Japes the Stripling         St:18 Dx:14 Co:17 In:9 Wi:9 Ch:8  Lawful
Dlvl:2  $:10 HP:0(28) Pw:6(6) AC:6  Xp:2/20 T:549 

Latest messages:
 You see here a scroll labeled KERNOD WEL.
 f - a scroll labeled KERNOD WEL.
 You descend the stairs.
 Killer misses the gnome.
 Killer bites the gnome.
 The gnome is killed!
 You can't go up here.
 You swap places with Killer.
 You climb up the stairs.
 You hear the footsteps of a guard on patrol.
 You hear the chime of a cash register.
 You hit the lichen.
 You kill the lichen!
 You see here a scroll labeled ELBIB YLOH.
 g - a scroll labeled ELBIB YLOH.
 You kill the newt!
 Welcome to experience level 2.
 You see here a newt corpse.
 There is a newt corpse here; eat it? [ynq] (n)
 This newt corpse is tough.
 You finish eating the newt corpse.
 You see here a venti hot decaf vanilla latte.
 h - a venti hot decaf vanilla latte.
 You swap places with Killer.
 $ - 5 gold pieces (10 in total).
 You hear some noises in the distance.
 "Velkommen, Japes!  Welcome to Manlobbi's general store!"
 You see here an elven mithril-coat (for sale, 320 zorkmids).
 You see here a murky potion (for sale, 133 zorkmids).
 You see here an effervescent potion (for sale, 89 zorkmids).
 You see here a scroll labeled XIXAXA XOXAXA XUXAXA (for sale, 107 zorkmids).
 That strange object is a small mimic!
 You miss the small mimic.
 You hit the small mimic!
 You miss the small mimic.
 You miss the small mimic.
 You hit the small mimic!
 The small mimic hits!
 You miss the small mimic.
 The small mimic hits!
 You hit the small mimic!
 The small mimic hits!
 You hit the small mimic.
 You miss the small mimic.
 You hit the small mimic.
 The small mimic hits!
 You die...
 Manlobbi gratefully inherits all your possessions.
 Do you want to see what you had when you died? [ynq] (y)
 Do you want to see your attributes? [ynq] (y)

Inventory:
 Coins    ('$')
  $ - 10 gold pieces
 Weapons  (')')
  b - a +0 dagger (alternate weapon; not wielded)
  e - a blessed +1 spear
  a - a corroded +0 long sword (weapon in right hand)
 Armor    ('[')
  c - an uncursed +3 small shield (being worn)
 Comestibles  ('%')
  h - an uncursed venti hot decaf vanilla latte
  d - 4 uncursed food rations
 Scrolls  ('?')
  f - an uncursed scroll of confuse monster
  g - an uncursed scroll of identify

Japes the Valkyrie's attributes:

Background:
 You were a Stripling, a level 2 human Valkyrie.
 You were lawful, on a mission for Tyr
 who was opposed by Odin (neutral) and Loki (chaotic).
 You were right-handed.
 You were in the Dungeons of Doom, on level 2.
 You entered the dungeon 549 turns ago.
 You had 20 experience points, 20 more were needed to attain level 3.

Basics:
 You had 0 out of 28 hit points.
 You had all 6 energy points (spell power).
 Your armor class was 6.
 Your wallet contained 10 zorkmids.
 Autopickup was on, but temporarily disabled while inside the shop.

Final Characteristics:
 Your strength was 18 (limit:18/100).
 Your dexterity was 14 (limit:18).
 Your constitution was 17 (limit:18).
 Your intelligence was 9 (limit:18).
 Your wisdom was 9 (limit:18).
 Your charisma was 8 (limit:18).

Final Status:
 You weren't hungry.
 You were unencumbered.
 You were wielding a long sword.
 You were unskilled in long sword.

Final Attributes:
 You were fervently aligned.
 You were cold resistant.
 You are dead.

Miscellaneous:
 You didn't encounter any bones levels.
 Total elapsed playing time was 5 minutes and 28 seconds.

Major events:
 Turn
    1: Japes the lawful human Valkyrie entered the dungeon
  458: entered the Gnomish Mines
  549: killed by a small mimic

You didn't know any spells.

Skills:
 Fighting Skills
   bare handed combat [Unskilled]
   two weapon combat  [Unskilled]
   riding             [Unskilled]
 Weapon Skills
   dagger             [Basic]
   axe                [Unskilled]
   pick-axe           [Unskilled]
   short sword        [Unskilled]
   broadsword         [Unskilled]
   long sword         [Unskilled]
   two-handed sword   [Unskilled]
   saber              [Unskilled]
   hammer             [Unskilled]
   quarterstaff       [Unskilled]
   polearms           [Unskilled]
   spear              [Basic]
   trident            [Unskilled]
   lance              [Unskilled]
   sling              [Unskilled]
 Spellcasting Skills
   attack spells      [Unskilled]
   escape spells      [Unskilled]

Voluntary challenges:
 Character rerolling was not enabled.
 You were an atheist.
 You were illiterate.
 You never genocided any monsters.
 You never polymorphed an object.
 You never changed form.
 You used no wishes.
Achievements:
 You entered the Gnomish Mines.
 You entered a shop.

 The Dungeons of Doom: levels 1 to 2
    Level 1:
    Level 2: <- You were here.
       A general store.
       Stairs down to The Gnomish Mines.
       Final resting place for
          you, killed by a small mimic.
 The Gnomish Mines:
    Level 3:


Vanquished creatures:
  a dwarf
  a gnome
  3 jackals
  a fox
  4 grid bugs
  2 lichens
  a kobold zombie
  4 newts
17 creatures vanquished.

No species were genocided or became extinct.

Game over:
                       ----------
                      /          \
                     /    REST    \
                    /      IN      \
                   /     PEACE      \
                  /                  \
                  |      Japes       |
                  |      10 Au       |
                  |   killed by a    |
                  |   small mimic    |
                  |                  |
                  |                  |
                  |       2026       |
                 *|     *  *  *      | *
        _________)/\\_//(\/(/\)/\//\/|_)_______

Farvel Japes the Valkyrie...

You died in The Dungeons of Doom on dungeon level 2 with 189 points,
and 10 pieces of gold, after 549 moves.
You were level 2 with a maximum of 28 hit points when you died.

